 Dungeon Crawl Stone Soup version 0.30-b1-2-g02819fbbbe (webtiles) character file.

Game seed: 2462000596291566109

24822 Arcadio the Grappler (level 12, -9/130 HPs)
             Began as a Troll Fighter on May 9, 2023.
             Was an Elder of Wu Jian.
             Mangled by a five-headed hydra (10 damage)
             ... on level 2 of the Lair of Beasts.
             The game lasted 00:37:02 (9480 turns).

Arcadio the Grappler (Troll Fighter)                Turns: 9480, Time: 00:37:02

Health: -9/130     AC: 17    Str: 31    XL:     12   Next: 84%
Magic:  11/11      EV: 12    Int:  4    God:    Wu Jian [****..]
Gold:   846        SH:  5    Dex: 19    Spells: 11/11 levels left

rFire   + + .        L - +7 dire flail
rCold   x . .        (shield currently unavailable)
rNeg    . . .        l - +1 fire dragon scales of Intuition {rF++ rC- Dex+4 Slay+2}
rPois   .            (helmet restricted)
rElec   .            G - +2 cloak
rCorr   .            (gloves unavailable)
SInv    .            (boots unavailable)
Will    .....        k - amulet of reflection Stlth
                     q - +4 ring of slaying
HPRegen 1.21/turn    o - +6 ring of dexterity
MPRegen 0.12/turn

%: reflection
@: on berserk cooldown, slowed, very slow
A: large, unfitting armour, claws 3, regeneration 1, shaggy fur 1, tough skin 1
a: Renounce Religion, Wall Jump, Serpent's Lash


You were on level 2 of the Lair of Beasts.
You worshipped Wu Jian.
Wu Jian was greatly pleased with you.
You visited 4 branches of the dungeon, and saw 13 of its levels.
You also visited: Ossuary and Bailey.

You collected 846 gold pieces.

Inventory:

Hand Weapons
 e - the +4 trident of the Eye-covered God {vamp, Will+ Int+2}
   (You found it on level 1 of the Lair of Beasts)

   Int:       It affects your intelligence (+2).
   Will:      It increases your willpower.
 L - a +7 dire flail (weapon)
Missiles
 h - 7 throwing nets (quivered)
Armour
 l - the +1 fire dragon scales of Intuition (worn) {rF++ rC- Dex+4 Slay+2}
   (You found it in a bailey)

   Dex:       It affects your dexterity (+4).
   Slay:      It affects your accuracy & damage with ranged weapons and melee
   (+2).
   rF:        It greatly protects you from fire.
   rC:        It makes you vulnerable to cold.
 p - +0 steam dragon scales
 G - a +2 cloak (worn)
 H - a +1 tower shield of protection
Jewellery
 b - a +6 ring of intelligence
 k - an amulet of reflection (around neck)
 o - a +6 ring of dexterity (right claw)
 q - a +4 ring of slaying (left claw)
 x - a ring of willpower
 D - a ring of positive energy
Wands
 v - a wand of mindburst (16)
 w - a wand of polymorph (11)
 C - a wand of iceblast (1)
Scrolls
 d - 4 scrolls of enchant armour
 i - 5 scrolls of teleportation
 m - 3 scrolls of amnesia
 s - 3 scrolls of magic mapping
 y - a scroll of brand weapon {unknown}
 z - a scroll of immolation {unknown}
 A - 2 scrolls of blinking
 B - a scroll of vulnerability {unknown}
 K - 2 scrolls of fog
 M - a scroll of fear {unknown}
 N - a scroll of torment {unknown}
Potions
 a - 6 potions of ambrosia
 c - 3 potions of might
 f - 7 potions of curing
 g - 4 potions of heal wounds
 j - a potion of haste
 n - 3 potions of brilliance
 t - 2 potions of berserk rage
 u - a potion of lignification {unknown}
 E - a potion of resistance {unknown}
 F - 2 potions of attraction
 I - a potion of invisibility


   Skills:
 + Level 11.1 Fighting
 + Level 8.1 Armour
 - Level 7.4 Dodging
 - Level 2.6 Shields
 + Level 12.9 Unarmed Combat


You had 11 spell levels left.
You didn't know any spells.
Your spell library contained the following spells:

 Spells                   Type           Power      Damage    Failure   Level
 Beastly Appendage        Tmut           0%         N/A       77%         1
 Freeze                   Ice            0%         1d3       77%         1
 Magic Dart               Conj           0%         1d3       77%         1
 Summon Small Mammal      Summ           0%         N/A       77%         1
 Ensorcelled Hibernation  Hex/Ice        0%         N/A       88%         2
 Passwall                 Tmut/Erth      0%         N/A       88%         2
 Searing Ray              Conj           0%         2d4       88%         2
 Swiftness                Air            0%         N/A       98%         3
 Fulminant Prism          Conj/Hex       0%         3d5       100%        4


Dungeon Overview and Level Annotations

Branches:
Dungeon (8/15) Zot: 26173  Temple (1/1) D:5 Zot: 5814    Lair (3/5) D:8 Zot: 15219
  Swamp (0/4) Lair:2       Spider (1/4) Lair:2 Zot: 5995 Ossuary (visited)
 Bailey (visited)

Altars:
Ashenzari
Cheibriados
Dithmenos
Elyvilon
Fedhas
Gozag
Hepliaklqana
Kikubaaqudgha
Makhleb
Nemelex Xobeh
Qazlal
Ru
Sif Muna
Trog
Vehumet
Wu Jian
Yredelemnul
Zin
The Shining One

Annotations:
D:4 3 runed translucent doors, Notanamesir's ghost, novice HuGl


Innate Abilities, Weirdness & Mutations

You are too large for most types of armour.
You have claws for hands.
Your natural rate of healing is unusually fast.
You are covered in fur. (AC +1)
You have tough skin. (AC +1)


Message History

The five-headed hydra closely misses you.
The five-headed hydra barely misses you.
You bludgeon the five-headed hydra!!
The five-headed hydra is heavily wounded.
The five-headed hydra bites you but does no damage.
The five-headed hydra misses you.
The five-headed hydra closely misses you.
The five-headed hydra bites you but does no damage.
The five-headed hydra misses you.
You barely miss the five-headed hydra.
The five-headed hydra is heavily wounded.
You barely miss the five-headed hydra.
The five-headed hydra is heavily wounded.
You are no longer berserk.
You are exhausted.
You feel yourself slow down. The five-headed hydra bites you.
The five-headed hydra bites you but does no damage. x2
You block the five-headed hydra's attack. x2
You sock the five-headed hydra!
The five-headed hydra is severely wounded.
The five-headed hydra bites you but does no damage. x3
The five-headed hydra bites you.
The five-headed hydra bites you but does no damage. x2
The five-headed hydra bites you.
The five-headed hydra bites you but does no damage.
The five-headed hydra bites you! x2
* * * LOW HITPOINT WARNING * * *
You feel much better. The five-headed hydra bites you! x2
The five-headed hydra bites you but does no damage.
The five-headed hydra closely misses you.
The five-headed hydra bites you but does no damage.
The five-headed hydra bites you.
* * * LOW HITPOINT WARNING * * *
The five-headed hydra bites you!
* * * LOW HITPOINT WARNING * * *
The five-headed hydra bites you!
* * * LOW HITPOINT WARNING * * *
The five-headed hydra barely misses you.
The five-headed hydra bites you!
You die...

###.....# ###............##
##^...# #...............##
##..#..####.................
#.###....#.......>..........
#####...#...................
#.....##................(
#......##................
####.......#D...............
#P.........@#...............
#.....................^....#
#P............#.###.....#.##
##..........P...# #...#####
####........#.##.## #####
#..........#####..##
##........## ##..## #####
##.......# #####..# ##..P#
#......### #.##.#<## #..P..


You could see a five-headed hydra.

Vanquished Creatures
  Erica (Lair:2)
  2 hydras (Lair:2)
  A death yak (Lair:3)
  A skyshark (Lair:3)
  Amaemon (D:8)
  Pikel (D:7)
  An orc knight (Bailey)
  A manticore (D:6)
  5 elephants (Lair:2)
  4 black mambas
  Maggie (D:7)
  An orange demon (D:8)
  5 cane toads
  A rime drake (Lair:2)
  7 komodo dragons
  A queen bee (Lair:1)
  A polar bear (Lair:2)
  8 blink frogs
  Sigmund (D:5)
  23 yaks
  A wyvern (Lair:3)
  A basilisk (Lair:1)
  Eustachio (D:6)
  A redback (Lair:2)
  2 steam dragons
  Menkaure (D:6)
  2 swamp worms (Lair:2)
  4 water moccasins
  4 sky beasts
  3 ice beasts
  7 orc warriors
  3 black bears
  7 wolves
  A centaur (D:7)
  A lemure (D:7)
  2 phantoms
  8 scorpions
  9 bullfrogs
  10 wights
  26 killer bees
  5 howler monkeys
  Crazy Yiuf (D:7)
  2 hounds (D:6)
  A gnoll bouda (D:6)
  6 orc priests
  Ijyb (D:5)
  2 iguanas
  6 orc wizards
  8 mummies (Ossuary)
  11 gnolls
  8 adders
  3 white imps
  3 worms
  4 dart slugs
  35 orcs
  8 endoplasms
  4 giant cockroaches
  10 goblins
  9 hobgoblins
  8 jackals
  5 kobolds
  A quokka (D:2)
  5 ball pythons
  7 bats
  4 frilled lizards
  5 hobgoblin zombies (Ossuary)
  A kobold zombie (Ossuary)
  2 orc zombies (Ossuary)
  8 rats
334 creatures vanquished.

Vanquished Creatures (others)
  An orc (D:7)
  10 fungi
  13 plants
24 creatures vanquished.

Grand Total: 358 creatures vanquished

Notes
Turn   | Place    | Note
-------+----------+-------------------------------------------
     0 | D:1      | Arcadio the Troll Fighter began the quest for the Orb.
     0 | D:1      | Reached XP level 1. HP: 22/22 MP: 0/0
   423 | D:1      | Reached XP level 2. HP: 29/29 MP: 1/1
   632 | D:1      | Reached XP level 3. HP: 36/36 MP: 2/2
  1046 | D:2      | Reached XP level 4. HP: 45/45 MP: 3/3
  1053 | D:2      | Reached skill level 3 in Unarmed Combat
  1426 | D:4      | Noticed a scorpion
  1453 | D:4      | Killed a scorpion
  1454 | D:4      | Reached XP level 5. HP: 24/53 MP: 4/4
  1496 | D:3      | Found a shadowy altar of Dithmenos.
  1569 | D:5      | Entered Level 5 of the Dungeon
  1611 | D:4      | Found a runed translucent gate.
  1612 | D:4      | Noticed Notanamesir's ghost (novice HuGl)
  1612 | D:4      | Found a runed translucent gate.
  1613 | D:4      | Found a runed translucent gate.
  1667 | D:6      | Noticed Menkaure
  1672 | D:5      | Noticed a steam dragon
  1727 | D:5      | Noticed Sigmund
  1970 | D:4      | Killed a steam dragon
  1971 | D:4      | Reached skill level 4 in Unarmed Combat
  1971 | D:4      | Reached XP level 6. HP: 22/62 MP: 5/5
  2048 | D:5      | Killed Sigmund
  2049 | D:5      | Reached XP level 7. HP: 67/70 MP: 6/6
  2066 | D:5      | Found a white marble altar of Elyvilon.
  2079 | D:5      | Became a worshipper of Elyvilon the Healer
  2095 | D:5      | Found a sand-covered staircase.
  2107 | Ossuary  | Entered an ossuary
  2168 | Ossuary  | Reached skill level 5 in Unarmed Combat
  2318 | D:5      | Found a blossoming altar of Fedhas.
  2350 | D:5      | Got Practicing Incantation
  2385 | D:5      | Found a staircase to the Ecumenical Temple.
  2396 | Temple   | Entered the Ecumenical Temple
  2700 | D:5      | Reached * piety under Elyvilon
  2706 | D:5      | Noticed Ijyb
  2732 | D:5      | Killed Ijyb
  3227 | D:3      | Found a faded altar of an unknown god.
  3682 | D:5      | Reached skill level 5 in Fighting
  3682 | D:5      | Reached skill level 5 in Dodging
  3746 | D:6      | Reached XP level 8. HP: 80/80 MP: 7/7
  3787 | D:6      | Found an ornate altar of the Wu Jian Council.
  3797 | D:6      | Reached skill level 6 in Unarmed Combat
  3800 | D:6      | Fell from the grace of Elyvilon
  3800 | D:6      | Became a worshipper of the Wu Jian Council
  3851 | D:6      | Noticed Eustachio
  3869 | D:6      | Killed Eustachio
  3939 | D:6      | Noticed a manticore
  3950 | D:6      | Killed a manticore
  3951 | D:6      | Reached skill level 7 in Unarmed Combat
  3951 | D:6      | Reached XP level 9. HP: 66/89 MP: 8/8
  3969 | D:6      | Noticed a gargoyle
  3971 | D:6      | Killed Menkaure
  4319 | D:6      | Reached * piety under Wu Jian
  4454 | D:6      | Found a stormy altar of Qazlal.
  4454 | D:6      | Found a basalt altar of Yredelemnul.
  4554 | D:7      | Reached skill level 8 in Unarmed Combat
  4561 | D:7      | Found a flagged portal.
  4590 | Bailey   | Entered a bailey
  4737 | Bailey   | Noticed an orc knight
  4844 | Bailey   | Killed an orc knight
  4930 | Bailey   | Identified the +1 fire dragon scales of Intuition {rF++ rC-
                  | Dex+4 Slay+2}
  5112 | D:7      | Reached XP level 10. HP: 102/102 MP: 9/9
  5319 | D:7      | Found a runed translucent door.
  5320 | D:7      | Noticed Crazy Yiuf
  5326 | D:7      | Killed Crazy Yiuf
  5380 | D:7      | Reached skill level 1 in Armour
  5381 | D:7      | Noticed Pikel
  5393 | D:7      | Killed Pikel
  5394 | D:7      | Reached skill level 9 in Unarmed Combat
  5468 | D:7      | Noticed Maggie
  5510 | D:7      | Killed Maggie
  5857 | D:8      | Reached ** piety under Wu Jian
  5898 | D:8      | Found a staircase to the Lair.
  5898 | D:8      | Noticed Amaemon
  5905 | D:8      | Noticed an orange demon
  5909 | D:8      | Killed Amaemon
  5914 | D:8      | Killed an orange demon
  6015 | D:8      | Reached skill level 10 in Unarmed Combat
  6140 | D:8      | Found a snail-covered altar of Cheibriados.
  6293 | D:8      | Reached XP level 11. HP: 104/113 MP: 10/10
  6645 | Lair:1   | Entered Level 1 of the Lair of Beasts
  6648 | Lair:1   | Reached *** piety under Wu Jian
  6976 | Lair:1   | Reached skill level 5 in Armour
  7208 | Lair:1   | Reached skill level 11 in Unarmed Combat
  7217 | Lair:1   | Reached **** piety under Wu Jian
  7267 | Lair:1   | Identified the +4 trident of the Eye-covered God {vamp,
                  | Will+ Int+2}
  7680 | Lair:2   | Noticed Erica
  7686 | Lair:2   | Killed Erica
  7722 | Lair:2   | Noticed a seven-headed hydra
  7733 | Lair:2   | Killed a seven-headed hydra
  7734 | Lair:2   | Reached skill level 10 in Fighting
  7734 | Lair:2   | Reached XP level 12. HP: 9/126 MP: 11/11
  7882 | Lair:2   | Noticed a five-headed hydra
  8091 | Lair:2   | Reached skill level 12 in Unarmed Combat
  8139 | Lair:2   | Found a hole to the Spider Nest.
  8157 | Spider:1 | Entered Level 1 of the Spider Nest
  8389 | Lair:3   | Noticed a death yak
  8421 | Lair:3   | Killed a death yak
  8733 | Lair:3   | Noticed a six-headed hydra
  8734 | Lair:3   | Noticed an eight-headed hydra
  8823 | Lair:2   | Noticed a five-headed hydra
  8904 | Lair:2   | Killed a five-headed hydra
  9148 | Lair:2   | Found a stormy altar of Qazlal.
  9338 | Lair:2   | Found a staircase to the Swamp.
  9480 | Lair:2   | HP: 1/130 [five-headed hydra (12)]
  9480 | Lair:2   | Mangled by a five-headed hydra

Illustrated notes

Levels and vault maps discovered:
D:1:      minmay_arrival_widening_spiral_narrow, layout_rooms, st_stairs_2,
          nrook_uturn
D:2:      layout_rooms
D:3:      layout_basic, nicolae_dithmenos_through_a_glass_darkly,
          basic_ecumenical_altar, minmay_splitting_lines,
          corexii_item_surrounded_by_moat
D:4:      layout_cave_pools, gammafunk_ghost_nasty_kobolds
D:5:      layout_rooms, kennysheep_mini, elyvilon_altar_3,
          minmay_temple_entry_glass, nicolae_ossuary_entry_monument,
          uniq_sigmund, uniq_ijyb
D:6:      kb_forest_paths, layout_basic, lemuel_round_altar,
          nicolae_overflow_two_pavilions, hangedman_minor_gate_pass,
          uniq_eustachio, uniq_menkaure
D:7:      layout_rooms, nicolae_overflow_hidden_temple, enter_bailey_2,
          uniq_maggie, uniq_pikel, uniq_crazy_yiuf_cottage
D:8:      layout_cave_pods, slow_altar_1, grunt_lair_entry_orc_guard_hut,
          uniq_amaemon
Temple:   chequers_temple_sunken
Lair:1:   layout_roguey [special_room_bee]
Lair:2:   layout_cave_pods, palyth_hydra_swamp_entry, spider_nest_entry_a,
          basic_altar, uniq_erica
Lair:3:   nzn_winding_woodlands_three_and_one [nzn_winding_woodlands_5x15_eye,
          nzn_winding_woodlands_5x15_jagged,
          nzn_winding_woodlands_5x15_concentric,
          nzn_winding_woodlands_center_pierced_h], layout_hall_layers,
          minivault_11, serial_bayou_crossing
Spider:1: layout_spider_delve, special_room

Skill      XL: |  1  2  3  4  5  6  7  8  9 10 11 12 |
---------------+-------------------------------------+-----
Dodging        | 3 4 5 6 7 |  7.4
Fighting       | 3 4 5 6 7 8 10 11 | 11.1
Unarmed Combat | 3 4 5 7 8 10 11 12 | 12.9
Armour         | 4 6 8 |  8.1
Shields        | |  2.6

Action                     |  1- 3 |  4- 6 |  7- 9 | 10-12 || total
---------------------------+-------+-------+-------+-------++-------
  Melee: Unarmed           |   103 |   108 |   263 |   449 ||   923
         Punch             |       |     3 |     8 |    37 ||    48
         Dire flail        |       |       |       |    37 ||    37
Ability: Lunge             |       |       |    14 |    32 ||    46
         Whirlwind         |       |       |     2 |     8 ||    10
  Evoke: Wand              |       |       |     2 |     3 ||     5
    Use: Scroll            |       |       |     6 |     9 ||    15
         Potion            |       |       |       |     5 ||     5
   Stab: Distracted        |       |       |     1 |       ||     1
 Armour: Robe              |    33 |    66 |       |       ||    99
         Steam dragon scal |       |     6 |    43 |       ||    49
         Fire dragon scale |       |       |       |   182 ||   182
  Dodge: Dodged            |    57 |    69 |   111 |   220 ||   457
  Block: Other             |       |     5 |    64 |    99 ||   168
